 Dungeon Crawl Stone Soup version 0.26-a0-649-gf8c6c3aab7 (webtiles) character file.

Game seed: 5349886304813857100

7019 oldriver the Thaumaturge (level 11, -3/57 HPs)
             Began as a Gargoyle Fire Elementalist on Sept 26, 2020.
             Was a Priest of Vehumet.
             Slain by a cane toad (17 damage)
             ... on level 1 of the Lair of Beasts.
             The game lasted 00:36:40 (14643 turns).

oldriver the Thaumaturge (GrFE)                    Turns: 14643, Time: 00:36:41

Health: -3/57      AC: 12    Str: 12    XL:     11   Next: 8%
Magic:  24/34      EV: 12    Int: 19    God:    Vehumet [***...]
Gold:   93         SH:  0    Dex: 10    Spells: 14/31 levels left

rFire    + . .     SeeInvis .   z - +7 rapier of Uskayaw's Inspiration {vorpal, rF+}
rCold    . . .     Faith    .   (no shield)
rNeg     + . .     Spirit   .   a - +1 robe
rPois    ∞         Reflect  .   (no helmet)
rElec    +         Harm     .   (no cloak)
rCorr    .         Rampage  .   (no gloves)
MR       .....                  f - +0 pair of boots
Stlth    ++........             I - amulet of magic regeneration
HPRegen  0.19/turn              t - ring of wizardry
MPRegen  0.49/turn              H - ring of magical power

@: no status effects
A: negative energy resistance 1, electricity resistance, unbreathing,
petrification resistance, rot immunity, AC +8
a: Renounce Religion


You were on level 1 of the Lair of Beasts.
You worshipped Vehumet.
Vehumet was most pleased with you.
You visited 3 branches of the dungeon, and saw 11 of its levels.
You also visited: Sewer and Ossuary.

You collected 643 gold pieces.
You spent 550 gold pieces at shops.

Inventory:

Hand Weapons
 v - the +7 mace of the Witching Jester {elec, Dex+3 SInv}
   (You found it on level 9 of the Dungeon)

   Occasionally, upon striking a foe, it will discharge some electrical energy
   and cause terrible harm.
   It affects your dexterity (+3).
   It lets you see invisible.
 z - the +7 rapier of Uskayaw's Inspiration (weapon) {vorpal, rF+}
   (You took it off an orc on level 4 of the Dungeon)

   It inflicts extra damage upon your enemies.
   It protects you from fire.
Armour
 a - a +1 robe (worn)
 f - a +0 pair of boots (worn)
Jewellery
 j - an uncursed ring of resist corrosion
 t - a ring of wizardry (left hand)
 A - a +4 ring of slaying
 H - a ring of magical power (right hand)
 I - an amulet of magic regeneration (around neck)
 L - an uncursed ring of protection from cold
Wands
 h - a wand of digging (11)
 n - a wand of flame (13)
 o - a wand of acid (9)
 x - a wand of paralysis (7)
 B - a wand of disintegration (9)
Scrolls
 b - 6 scrolls of remove curse
 g - 12 scrolls of teleportation
 i - 14 scrolls of identify
 r - a scroll of fear
 s - 4 scrolls of enchant weapon
 u - a scroll of magic mapping
 y - a scroll of blinking
 E - 2 scrolls of amnesia
 G - a scroll of fog
 K - a scroll of brand weapon
Potions
 c - a potion of berserk rage
 d - 3 potions of haste {unknown}
 e - 2 potions of lignification {unknown}
 k - 7 potions of heal wounds {unknown}
 l - 2 potions of might {unknown}
 m - 4 potions of brilliance {unknown}
 p - 4 potions of flight {unknown}
 q - a potion of cancellation {unknown}
 w - 2 potions of mutation {unknown}
 C - 4 potions of stabbing {unknown}
 D - 5 potions of curing {unknown}
 F - a potion of resistance {unknown}
 J - a potion of degeneration {unknown}


   Skills:
 + Level 2.1 Fighting
 + Level 2.1 Dodging
 + Level 2.5 Stealth
 * Level 10.7 Spellcasting
 * Level 9.2 Conjurations
 * Level 8.8 Fire Magic


You had 14 spell levels left.
You knew the following spells:

 Your Spells              Type           Power        Failure   Level
a - Foxfire               Conj/Fire      ####         1%          1
b - Conjure Flame         Conj/Fire      #####...     1%          3
c - Sticky Flame          Conj/Fire      #####...     1%          4
d - Fireball              Conj/Fire      #####.....   1%          5
e - Magic Dart            Conj           ####         1%          1
f - Ignite Poison         Fire/Tmut/Pois ###.....     1%          3

Your spell library contained the following spells:

 Spells                   Type           Power        Failure   Level
 Searing Ray              Conj           #####.       1%          2
 Dazzling Flash           Conj/Hex       ####..       1%          3
 Inner Flame              Hex/Fire       ####....     1%          3
 Fulminant Prism          Conj/Hex       ####......   1%          4
 Iskenderun's Mystic Bla  Conj/Tloc      ####....     1%          4


Dungeon Overview and Level Annotations

Branches:
Dungeon (9/15)             Temple (1/1) D:4            Lair (1/6) D:9
  Sewer (visited)         Ossuary (visited)
    Orc: D:9-12

Altars:
Ashenzari
Cheibriados
Dithmenos
Elyvilon
Fedhas
Gozag
Hepliaklqana
Kikubaaqudgha
Makhleb
Nemelex Xobeh
Okawaru
Qazlal
Ru
Sif Muna
Trog
Uskayaw
Vehumet
Wu Jian
Xom
Yredelemnul
Zin
The Shining One

Shops:
D:4 (   D:5 (   D:8 =   D:9 (

Portals:
Volcano: Lair:1

Annotations:
D:7 yleetSyT's ghost, novice DENe


Innate Abilities, Weirdness & Mutations

You are resistant to torment.
Your stone body is resilient. (AC +8)
You are immune to poison.
You resist negative energy. (rN+)
You are resistant to electric shocks. (rElec)
You can survive without breathing.
You are immune to petrification.
You are immune to rotting.


Message History

The foxfire hits the cane toad but does no damage.
The foxfire hits the water moccasin.
You kill the water moccasin!
Vehumet accepts your kill.
You feel your power returning.
Found a leather armour.
Casting: Foxfire (safe; 1% risk of failure)
Confirm with . or Enter, or press ? or * to list all spells.
Aiming: Sticky Flame (safe; 1% risk of failure)
Press: ? - help, Shift-Dir - straight line, f - cane toad
Aim: a cane toad The sticky flame hits the cane toad.
The cane toad is lightly wounded.
The cane toad is covered in liquid flames!
The cane toad burns!
The cane toad closely misses you.
A crocodile comes into view.
The cane toad burns!
The cane toad burns!
The cane toad burns!
The cane toad stings you!
You die...

*#........$# #......
##.?.......# ##.....
#........,.# ##....
##..†P'###.# **#....
#..........#*****,#....
#P..#....#...,,,,,.....
##..#....#,,,.,,,,,,,,,
#....F..#....,,,,****,
#....@.....#*,**,,* **
*#..........#,,,,,**
#.[.........+,,,,,*
##...###+#..#,,,*,*
#.t..,,,,,..#,,,,,*
#....,,,,,,.#,,,,,* ***
#....,,,,,,,#,,,,,***,*
#...,,,,,,,,***,,,,,,,,
**,,,,,,,,,,,,,,,,,,,,,


You could see a cane toad (burning) and a crocodile.

Vanquished Creatures
  2 two-headed ogres (D:9)
  A cane toad (Lair:1)
  A komodo dragon (Lair:1)
  A hippogriff (Lair:1)
  Sigmund (D:2)
  A wyvern (D:9)
  4 yaks
  A water moccasin (Lair:1)
  2 sky beasts
  3 orc warriors
  An ice beast (D:5)
  A black bear (D:7)
  A phantom (D:6)
  3 centaurs
  2 ogres
  2 big kobolds
  2 wyvern zombies
  4 bullfrogs
  13 scorpions
  3 killer bees (D:8)
  8 wights
  3 human zombies (Ossuary)
  A centaur zombie (Ossuary)
  A bullfrog zombie (D:6)
  3 hounds
  A jelly (D:5)
  6 orc priests
  4 iguanas
  8 orc wizards
  2 worker ants (D:8)
  A big kobold zombie (Ossuary)
  3 mummies (Ossuary)
  A worker ant zombie (D:5)
  3 scorpion zombies (Ossuary)
  6 adders
  5 gnolls
  10 river rats
  A shadow imp (D:4)
  2 white imps
  3 ufetubi
  A dart slug (D:5)
  6 leopard geckos
  35 orcs
  4 bats
  4 giant cockroaches
  2 gnoll zombies (Ossuary)
  3 goblins
  9 hobgoblins
  6 jackals
  6 quokkas
  11 ball pythons
  8 frilled lizards
  5 goblin zombies (Ossuary)
  2 hobgoblin zombies (Ossuary)
  33 kobolds
  2 kobold zombies (Ossuary)
  2 orc zombies (Ossuary)
  A quokka skeleton (D:4)
  23 rats
284 creatures vanquished.

Vanquished Creatures (others)
  1604 foxfires
  2 fungi (Lair:1)
  A plant (Lair:1)
1607 creatures vanquished.

Grand Total: 1891 creatures vanquished

Notes
Turn   | Place    | Note
-------+----------+-------------------------------------------
     0 | D:1      | oldriver the Gargoyle Fire Elementalist began the quest for
                  | the Orb.
     0 | D:1      | Reached XP level 1. HP: 10/10 MP: 3/3
   103 | D:1      | Reached XP level 2. HP: 13/15 MP: 0/5
   398 | D:1      | Reached skill level 3 in Spellcasting
   962 | D:2      | Found a shimmering altar of Xom.
   983 | D:2      | Found a broken altar of Ashenzari.
  1032 | D:2      | Reached XP level 3. HP: 17/19 MP: 2/7
  1131 | D:2      | Found a glowing golden altar of the Shining One.
  1490 | D:2      | Reached skill level 4 in Spellcasting
  1490 | D:2      | Reached XP level 4. HP: 24/24 MP: 3/10
  2426 | D:2      | Noticed Sigmund
  2436 | D:2      | Killed Sigmund
  2436 | D:2      | Reached skill level 5 in Spellcasting
  2436 | D:2      | Reached XP level 5. HP: 28/28 MP: 4/13
  2436 | D:2      | Reached XP level 6. HP: 32/32 MP: 4/14
  2905 | D:3      | Reached skill level 6 in Spellcasting
  3554 | D:3      | Noticed a fire elemental
  3555 | D:3      | Found a stormy altar of Qazlal.
  3558 | D:3      | Noticed an air elemental
  3558 | D:3      | Noticed a water elemental
  4084 | D:4      | Found Sutaorcha's Weapon Emporium.
  4214 | D:4      | Found a sand-covered staircase.
  4223 | Ossuary  | Entered an ossuary
  4536 | Ossuary  | Reached XP level 7. HP: 35/36 MP: 5/16
  5132 | Ossuary  | Reached skill level 7 in Spellcasting
  5518 | Ossuary  | Reached XP level 8. HP: 41/41 MP: 10/18
  6207 | D:4      | Found a staircase to the Ecumenical Temple.
  6210 | D:4      | Identified the +7 rapier of Uskayaw's Inspiration {vorpal,
                  | rF+}
  6324 | Temple   | Entered the Ecumenical Temple
  6430 | Temple   | Became a worshipper of Vehumet
  6505 | D:5      | Entered Level 5 of the Dungeon
  6516 | D:4      | Learned a level 3 spell: Conjure Flame
  6521 | D:4      | Learned a level 4 spell: Sticky Flame
  6527 | D:4      | Learned a level 5 spell: Fireball
  6636 | D:4      | Found a basalt altar of Yredelemnul.
  6851 | D:4      | Reached skill level 5 in Fire Magic
  7253 | D:4      | Learned a level 1 spell: Magic Dart
  7674 | D:5      | Reached skill level 8 in Spellcasting
  8026 | D:5      | Found a blossoming altar of Fedhas.
  8100 | D:5      | Found Resk's Antique Weapon Shoppe.
  8513 | D:6      | Reached skill level 5 in Conjurations
  8513 | D:6      | Reached XP level 9. HP: 46/46 MP: 17/21
  8887 | D:6      | Found a glowing drain.
  8911 | Sewer    | Entered a sewer
  9014 | Sewer    | Reached * piety under Vehumet
  9014 | Sewer    | Offered knowledge of Freeze by Vehumet.
  9624 | Sewer    | Offered knowledge of Shock by Vehumet.
  9628 | Sewer    | Reached ** piety under Vehumet
 10895 | D:7      | Offered knowledge of Mephitic Cloud by Vehumet.
 10901 | D:7      | Reached skill level 1 in Fighting
 10979 | D:7      | Reached skill level 9 in Spellcasting
 11078 | D:7      | Reached *** piety under Vehumet
 11929 | D:7      | Found a shimmering blue altar of Sif Muna.
 12040 | D:7      | Found a runed translucent door.
 12040 | D:7      | Noticed yleetSyT's ghost (novice DENe)
 12237 | D:8      | Reached XP level 10. HP: 53/53 MP: 15/23
 12291 | D:8      | Offered knowledge of Ignite Poison by Vehumet.
 12511 | D:8      | Learned a level 3 spell: Ignite Poison
 12556 | D:8      | Found a hazy altar of Hepliaklqana.
 12651 | D:8      | Found Ykirphar's Jewellery Emporium.
 12658 | D:8      | Bought an uncursed ring of magical power for 220 gold
                  | pieces
 12658 | D:8      | Bought an uncursed amulet of magic regeneration for 330
                  | gold pieces
 13442 | D:9      | Noticed a two-headed ogre
 13456 | D:9      | Killed a two-headed ogre
 13465 | D:9      | Noticed a two-headed ogre
 13482 | D:9      | Killed a two-headed ogre
 13482 | D:9      | Reached skill level 10 in Spellcasting
 13728 | D:9      | Found Weblyddu's Antique Weapon Boutique.
 13788 | D:9      | Noticed a fire dragon
 14188 | D:9      | Found a staircase to the Lair.
 14220 | D:9      | Got a fine mace
 14232 | Lair:1   | Entered Level 1 of the Lair of Beasts
 14233 | Lair:1   | Identified the +7 mace of the Witching Jester {elec, Dex+3
                  | SInv} (You found it on level 9 of the Dungeon)
 14602 | Lair:1   | Reached XP level 11. HP: 40/57 MP: 25/25
 14620 | Lair:1   | Found a dark tunnel.
 14643 | Lair:1   | Slain by a cane toad

Illustrated notes

Levels and vault maps discovered:
D:1:      psy_arrival_terrarium, layout_basic
D:2:      minmay_thinvault, layout_loops_corners, brannock_xom_greatest_gift,
          nicolae_tso_swordbearing_angel, lemuel_round_altar,
          minmay_heptomino_l4, uniq_sigmund
D:3:      layout_rooms, nicolae_qazlal_style_of_elements,
          chequers_serial_rivers_small_b
D:4:      layout_loops_cross, yredelemnul_altar_generic,
          minmay_temple_entry_statues_fountains, serial_shops,
          nicolae_shop_statue_plus, nicolae_ossuary_entry_ruins
D:5:      layout_loops_ring, kennysheep_mini, serial_shops, nicolae_shop_trees
D:6:      layout_gridville, portal_sewer_entry_e, grunt_ministairs_2,
          hangedman_decor_points
D:7:      layout_basic, ebering_ghost_reflecting_pool, fountainhead, tgw_sif
D:8:      layout_rooms, kennysheep_little_box, serial_shops,
          nicolae_shop_behind_doors
D:9:      layout_basic, minmay_lair_entry_lava, serial_shops, shop
Temple:   regret_index_temple_waves
Lair:1:   layout_chaotic_city, enter_volcano_3, grunt_megastairs_5, uniq_fannar

Skill      XL: |  1  2  3  4  5  6  7  8  9 10 11 |
---------------+----------------------------------+-----
Spellcasting   | 3 4 5 6 7 8 9 10 | 10.7
Conjurations   | 3 5 6 8 9 |  9.2
Fire Magic     | 4 5 7 8 |  8.8
Dodging        | 2 |  2.1
Fighting       | 1 2 |  2.1
Stealth        | |  2.5

Action                   |  1- 3 |  4- 6 |  7- 9 | 10-12 || total
-------------------------+-------+-------+-------+-------++-------
Melee: Unarmed           |     4 |       |       |       ||     4
       Club              |     1 |     5 |       |       ||     6
       Whip              |       |    11 |    20 |       ||    31
       Dagger            |       |       |    14 |     6 ||    20
       Rapier            |       |       |       |     1 ||     1
 Cast: Foxfire           |    69 |   213 |   627 |   133 ||  1042
       Conjure Flame     |       |       |    12 |     7 ||    19
       Fireball          |       |       |     9 |    27 ||    36
       Sticky Flame      |       |       |     3 |    11 ||    14
       Magic Dart        |       |       |       |     3 ||     3
  Use: Scroll            |       |     6 |     8 |     4 ||    18
       Potion            |       |     1 |       |       ||     1
Armor: Robe              |     8 |    46 |    65 |    19 ||   138
Dodge: Dodged            |    10 |    55 |   104 |    42 ||   211

Table legend: (Time is in decaauts)
 A = Elapsed time spent in this place.
 B = Non-inter-level travel time spent in this place.
 C = Inter-level travel time spent in this place.
 D = Time resting spent in this place.
 E = Time spent auto-exploring this place.
 F = Levels seen in this place.
 G = Mean time per level.
                   A        B        C        D        E       F      G
               +--------+--------+--------+--------+--------+-----+--------+
         Total |  14694 |  13831 |    863 |   3750 |   7311 |  13 | 1130.3 |
       Dungeon |  11514 |  10706 |    808 |   2630 |   6061 |   9 | 1279.3 |
        Temple |    149 |     97 |     52 |      0 |     96 |   1 |  149.0 |
          Lair |     98 |     96 |      2 |     17 |      0 |   1 |   98.0 |
         Sewer |   1142 |   1142 |      0 |     68 |    848 |   1 | 1142.0 |
       Ossuary |   1787 |   1787 |      0 |   1035 |    306 |   1 | 1787.0 |
               +--------+--------+--------+--------+--------+-----+--------+

Top non-repeatable levels by time:
     D:2: 2068 daAuts
 Ossuary: 1787 daAuts
     D:8: 1474 daAuts
     D:5: 1433 daAuts
     D:7: 1430 daAuts
     D:4: 1349 daAuts
   Sewer: 1142 daAuts
     D:1: 1072 daAuts
     D:6: 1039 daAuts
     D:3: 876 daAuts
     D:9: 769 daAuts
  Temple: 149 daAuts
  Lair:1: 98 daAuts
